Map: Chantier naval orbital

Players

VampyWorm

  • Race: Protoss Protoss
  • League: Diamond

Worming - Winner!

  • Race: Zerg Zerg
  • League: Diamond

VOD

Have the link to the VOD?

Description

Time

  • Played on: Dec. 15, 2015, 11:58 a.m.
  • Length: 17:17
Show
View Real Time Build Order
Export as new Build Order

VampyWorm Protoss 

Build Orders: 1 Gate Expand, Zealot Archon, Dark Templar Rush 

Get SALT Encoding   

  12  0:01  Probe (Chrono Boost)  
  13  0:11  Probe (Chrono Boost)  
  14  0:19  Pylon  
  14  0:26  Probe (Chrono Boost)  
  15  0:37  Probe (Chrono Boost)  
  15  0:40  Gateway  
  16  0:47  Probe (Chrono Boost)  
  17  1:08  Nexus  
  17  1:15  Assimilator  
  17  1:19  Assimilator  
  17  1:22  Probe (Chrono Boost)  
  18  1:34  Cybernetics Core  
  18  1:42  Probe (Chrono Boost)  
  18  1:46  Pylon  
  19  1:53  Probe (Chrono Boost)  
  20  2:03  Probe (Chrono Boost)  
  21  2:11  Warp Gate  
  21  2:14  Adept  
  24  2:17  Mothership Core (Chrono Boost)  
  24  2:20  Probe (Chrono Boost)  
  26  2:31  Probe (Chrono Boost)  
  26  2:36  Twilight Council  
  27  2:42  Probe x2 (Chrono Boost)  
  29  2:54  Robotics Facility  
  28  3:02  Pylon  
  28  3:04  Probe (Chrono Boost)  
  29  3:07  Probe (Chrono Boost)  
  30  3:15  Probe (Chrono Boost)  
  30  3:17  Probe (Chrono Boost)  
  32  3:24  Dark Shrine  
  32  3:25  Probe (Chrono Boost)  
  33  3:38  Gateway  
  33  3:41  Gateway  
  33  3:47  Warp Prism (Chrono Boost)  
  35  3:55  Probe  
  35  3:56  Pylon  
  35  3:57  Probe  
  37  4:08  Probe x2  
  39  4:17  Assimilator  
  39  4:18  Probe  
  39  4:20  Probe  
  41  4:29  Probe  
  42  4:32  Probe  
  43  4:38  Dark Templar x3  
  43  4:39  Probe  
  43  4:44  Probe  
  51  4:50  Probe  
  52  4:54  Assimilator  
  52  4:56  Probe  
  53  5:00  Probe  
  53  5:06  Nexus  
  54  5:08  Probe  
  55  5:15  Probe  
  55  5:21  Adept x3  
  62  5:41  Probe  
  61  5:43  Probe  
  61  5:47  Dark Templar  
  61  5:48  Dark Templar  
  62  5:53  Probe  
  62  5:54  Probe  
  60  5:57  Pylon  
  60  6:05  Probe x2  
  62  6:11  Immortal (Chrono Boost)  
  62  6:15  Probe  
  62  6:18  Probe  
  62  6:22  Gateway  
  62  6:24  Gateway  
  62  6:26  Dark Templar x3, Probe, Pylon  
  62  6:30  Probe  
  62  6:32  Probe  
  70  6:36  Probe  
  72  6:42  Probe  
  73  6:48  Probe  
  74  6:59  Probe x2  
  76  7:06  Gateway, Probe  
  76  7:07  Gateway, Pylon  
  77  7:11  Robotics Bay  
  77  7:14  Pylon  
  77  7:15  Probe  
  76  7:17  Adept  
  76  7:20  Probe  
  76  7:21  Probe  
  79  7:26  Pylon  
  79  7:28  Pylon  
  80  7:31  Assimilator  
  80  7:32  Gateway  
  80  7:35  Gateway  
  80  7:36  Assimilator, Pylon  
  80  7:39  Probe  
  81  7:45  Stalker x2  
  81  7:46  Dark Templar, Stalker  
  81  7:47  Dark Templar  
  91  7:52  Archon  
  91  7:54  Probe  
  91  7:56  Probe  
  94  8:04  Probe  
  94  8:05  Colossus (Chrono Boost)  
  100  8:08  Probe  
  100  8:09  Zealot x2  
  100  8:10  Zealot  
  107  8:21  Probe  
  108  8:30  Probe  
  109  8:42  Dark Templar  
  109  8:43  Dark Templar  
  113  8:51  Colossus (Chrono Boost), Zealot x4  
  113  8:52  Zealot  
  129  9:13  Blink  
  129  9:19  Gateway  
  129  9:20  Pylon  
  129  9:23  Forge x2  
  129  9:33  Stalker x2  
  133  9:39  Pylon  
  133  9:40  Pylon  
  133  9:47  Adept  
  125  10:09  Archon  
  125  10:12  Nexus  
  123  10:14  Pylon  
  123  10:15  Adept, Pylon  
  123  10:16  Dark Templar x2, Stalker x3  
  123  10:17  Zealot x3  
  123  10:19  Protoss Ground Weapons Level 1, Colossus (Chrono Boost)  
  123  10:20  Protoss Ground Armor Level 1  
  147  10:24  Probe  
  147  10:26  Probe  
  149  10:32  Pylon  
  149  10:34  Probe  
  149  10:42  Zealot x5  
  158  10:43  Stalker x2  
  144  11:03  Archon  
  134  11:06  Stalker x4  
  134  11:07  Zealot x3, Stalker  
  134  11:13  Probe  
  134  11:17  Probe  
  134  11:18  Probe  
  117  11:36  Warp Prism (Chrono Boost)  
  111  11:46  Stalker x4  
  105  11:48  Dark Templar x3  
  105  11:49  Dark Templar, Zealot  
  105  11:51  Probe  
  105  11:53  Assimilator  
  96  11:55  Assimilator  
  96  11:57  Pylon  
  96  12:05  Extended Thermal Lance  
  96  12:07  Robotics Facility  
  96  12:08  Archon x2, Colossus (Chrono Boost)  
  102  12:09  Pylon  
  102  12:11  Zealot x2  
  102  12:12  Zealot  
  108  12:17  Dark Templar x2  
  112  12:23  Mothership Core  
  112  12:27  Zealot x2  
  112  12:28  Stalker  
  112  12:29  Zealot  
  122  12:30  Zealot  
  122  12:41  Stalker x2  
  122  12:42  Stalker  
  116  12:56  Disruptor (Chrono Boost)  
  116  12:57  Stalker x2  
  119  12:58  Zealot  
  119  12:59  Probe, Zealot x4  
  119  13:01  Probe x2  
  132  13:11  Stalker  
  134  13:13  Protoss Ground Weapons Level 2  
  134  13:17  Zealot x2  
  141  13:20  Zealot x3  
  141  13:21  Zealot x2, Disruptor (Chrono Boost)  
  141  13:25  Zealot x2  
  155  13:39  Probe  
  156  13:47  Disruptor (Chrono Boost)  
  159  13:49  Zealot  
  159  13:50  Zealot x2  
  159  13:53  Dark Templar x2, Nexus  
  159  13:54  Pylon, Stalker x2  
  176  13:55  Archon  
  176  13:57  Pylon, Disruptor (Chrono Boost)  
  163  14:18  Stalker x3  
  163  14:19  Dark Templar x2  
  163  14:20  Zealot x3  
  163  14:23  Archon  
  179  14:25  Nexus, Probe x2  
  179  14:26  Probe x2, Pylon  
  179  14:29  Pylon  
  183  14:35  Probe  
  185  14:39  Probe  
  185  14:41  Mothership Core, Probe, Observer (Chrono Boost)  
  165  15:06  Stargate  
  165  15:07  Stargate  
  163  15:17  Zealot x4  
  163  15:18  Zealot x2, Stalker x3  
  163  15:19  Zealot  
  156  15:36  Probe  
  156  15:40  Pylon  
  156  15:42  Pylon  
  146  15:53  Zealot, Stalker x3  
  146  15:54  Zealot x2, Stalker x3  
  146  15:55  Stalker  
  146  16:01  Colossus (Chrono Boost)  
  129  16:26  Dark Templar x2  
  129  16:28  Zealot x2, Stalker x3  
  143  16:42  Assimilator  
  145  16:47  Assimilator  
  145  16:51  Nexus  
  143  17:00  Dark Templar  
  143  17:01  Dark Templar  
  147  17:04  Archon  
Show
View Real Time Build Order
Export as new Build Order

Worming Zerg - Winner!

Build Orders: Hatch First, Lurkers 

Get SALT Encoding   

  12  0:01  Drone  
  13  0:12  Overlord  
  13  0:17  Drone  
  14  0:30  Drone x2  
  16  0:37  Drone  
  17  0:46  Drone  
  18  0:58  Drone  
  18  0:59  Hatchery  
  18  1:13  Spawning Pool  
  18  1:14  Drone  
  18  1:26  Drone  
  19  1:37  Extractor  
  19  1:38  Drone  
  19  1:43  Overlord  
  19  1:55  Drone  
  19  2:00  Queen  
  19  2:01  Zergling x2  
  23  2:13  Queen  
  23  2:14  Drone  
  26  2:23  Drone x2  
  26  2:24  Drone  
  29  2:35  Drone x2  
  31  2:41  Metabolic Boost  
  31  2:42  Hatchery  
  30  2:49  Queen  
  32  3:03  Drone x4  
  32  3:04  Overlord  
  36  3:06  Overlord  
  35  3:36  Drone x7  
  42  3:44  Overlord  
  42  3:49  Drone  
  42  3:51  Zergling x2  
  44  4:02  Drone  
  45  4:03  Drone  
  45  4:05  Drone x7  
  53  4:13  Zergling x2  
  54  4:20  Roach Warren  
  54  4:22  Extractor x2  
  51  4:26  Drone x2  
  51  4:27  Drone x3  
  51  4:29  Drone  
  57  4:36  Queen x2  
  60  4:42  Overlord  
  60  4:51  Lair, Overlord x2  
  60  4:54  Drone x2  
  60  4:55  Extractor  
  60  5:10  Spore Crawler x2  
  60  5:12  Spore Crawler  
  60  5:13  Spore Crawler  
  52  5:17  Roach x11  
  52  5:18  Spore Crawler  
  72  5:26  Zergling x10  
  73  5:37  Zergling x12  
  68  6:06  Queen x3  
  74  6:12  Drone x9  
  83  6:26  Roach Warren  
  82  6:59  Overseer  
  76  7:19  Hatchery  
  75  7:28  Roach x4  
  75  7:29  Evolution Chamber  
  82  7:30  Evolution Chamber  
  82  7:36  Drone x2  
  83  7:38  Overlord x3  
  83  7:48  Hatchery  
  82  7:51  Queen  
  82  7:53  Glial Reconstitution  
  82  7:55  Queen, Zerg Missile Weapons Level 1  
  82  7:56  Zerg Ground Armor Level 1  
  86  8:03  Zergling x2  
  86  8:04  Zergling x14  
  94  8:06  Ravager x2  
  94  8:08  Ravager  
  94  8:46  Drone x7  
  94  8:47  Drone  
  102  8:55  Overseer  
  102  9:06  Drone x6  
  108  9:13  Hydralisk Den  
  107  9:18  Extractor  
  107  9:19  Extractor  
  107  9:24  Drone x4  
  108  9:25  Drone x2  
  108  9:29  Pneumatized Carapace  
  111  9:34  Drone, Extractor  
  111  9:35  Drone x3  
  111  9:36  Drone, Extractor  
  111  9:37  Drone, Overlord x2  
  111  9:38  Overlord  
  114  9:51  Muscular Augments  
  114  9:59  Roach x3  
  133  10:00  Roach x8  
  127  10:19  Hydralisk  
  127  10:20  Hydralisk x7  
  143  10:22  Zerg Missile Weapons Level 2, Zerg Ground Armor Level 2  
  143  10:23  Overlord x2  
  143  10:24  Overlord  
  143  10:30  Hatchery  
  143  10:31  Drone  
  143  10:48  Roach x12  
  137  11:08  Roach x11  
  138  11:18  Roach x5  
  132  11:23  Hydralisk x2  
  132  11:24  Zergling x2  
  112  11:57  Queen x2  
  112  12:00  Drone x6  
  122  12:06  Infestation Pit, Ravager x2  
  122  12:07  Ravager x8  
  133  12:08  Zergling x2, Roach x5  
  133  12:09  Zergling x12, Roach  
  150  12:23  Lurker Den  
  135  12:55  Overseer x2  
  132  13:03  Drone x6  
  132  13:05  Extractor  
  137  13:07  Extractor  
  136  13:15  Drone  
  131  13:33  Roach  
  131  13:34  Roach x14  
  151  13:38  Hydralisk  
  151  13:39  Hydralisk x2  
  151  13:41  Overlord x4  
  165  13:42  Overlord  
  165  13:44  Overlord x3  
  165  13:45  Overlord  
  165  13:48  Overlord  
  165  14:02  Zergling x8  
  169  14:03  Zergling x2  
  138  14:11  Hydralisk  
  138  14:12  Hydralisk x7  
  138  14:15  Lurker x2  
  154  14:22  Hive  
  154  14:26  Zerg Melee Weapons Level 1, Spire  
  154  14:28  Roach  
  154  14:29  Zergling x16, Roach x3  
  154  14:30  Ravager x2  
  154  14:31  Ravager x7  
  178  14:38  Spire  
  177  14:40  Lurker x2  
  177  14:42  Zergling x18  
  166  15:03  Lurker x2  
  170  15:07  Zergling x12, Roach x4  
  170  15:08  Zergling x2  
  170  15:13  Hatchery  
  159  16:10  Roach x15, Hydralisk x9  
  195  16:30  Ultralisk Cavern  
  194  16:44  Hydralisk  
  194  16:45  Zergling x2, Hydralisk  
  196  17:08  Hatchery  
Tags
 
Add a new tag
Caveats
  • Supply blocks, unpowered buildings, or Contaminate may cause inaccurate times.
  • Supply counts are checked every 10 seconds.